 Seeded DCSS version 0.32-a0-913-g739538a (webtiles) character file.

Game seed: 3741840556892626594 (custom seed)

873 edsrzf the Fighter (level 7, -23/70 HPs)
             Began as a Mountain Dwarf Hexslinger on Apr 7, 2024.
             Was a Follower of Beogh.
             Killed by an exploding gnoll (47 damage)
             ... ignited by their inner flame
             ... on level 6 of the Dungeon.
             The game lasted 00:18:44 (5698 turns).

edsrzf the Fighter (Mountain Dwarf Hexslinger)      Turns: 5698, Time: 00:18:44

Health: -23/70     AC:  8    Str: 12 (13) XL:     7   Next: 74%
Magic:  0/8        EV: 10    Int: 10 (13) God:    Beogh [*.....]
Gold:   293        SH:  0    Dex:  9 (12) Spells: 8/8 levels left

rFire   . . .        b - +2 demon whip (flame)
rCold   . . .        (no shield)
rNeg    . . .        c - +0 robe
rPois   +            q - +1 helmet
rElec   .            y - +0 cloak
rCorr   .            (no gloves)
SInv    .            s - +2 pair of boots
Will    .....        u - amulet of guardian spirit
Stlth   +            o - ring of poison resistance
HPRegen 0.31/turn    x - ring of willpower
MPRegen 0.11/turn

%: guardian spirit
@: weak-willed
A: runic magic, artefact enchanting
a: Renounce Religion


You were on level 6 of the Dungeon.
You worshipped Beogh.
Beogh was aware of your devotion.
You visited 1 branch of the dungeon, and saw 6 of its levels.

You collected 293 gold pieces.

Inventory:

Hand Weapons
 a - a +1 sling
 b - a +2 demon whip of flaming (weapon)
Armour
 c - a +0 robe (worn)
 q - a +1 helmet (worn)
 s - a +2 pair of boots (worn)
 y - a +0 cloak (worn)
Jewellery
 o - a ring of poison resistance (left hand)
 u - an amulet of guardian spirit (around neck)
 x - a ring of willpower (right hand)
Wands
 f - a wand of charming (2)
Scrolls
 h - 2 scrolls of identify
 n - a scroll of enchant weapon {unknown}
 t - a scroll of revelation {unknown}
 v - a scroll of amnesia {unknown}
 w - a scroll of brand weapon {unknown}
 z - a scroll of butterflies {unknown}
 A - a scroll of silence {unknown}
 B - 2 scrolls of immolation
Potions
 d - a potion of magic
 i - 3 potions of brilliance
 l - a potion of ambrosia


   Skills:
 - Level 9.0 Fighting
 + Level 3.5 Maces & Flails
 - Level 1.5 Ranged Weapons
 - Level 1.3 Dodging
 - Level 1.0 Spellcasting
 - Level 3.0 Hexes
 - Level 1.2 Fire Magic


You had 8 spell levels left.
You didn't know any spells.
Your spell library contained the following spells:

 Spells                   Type           Power      Damage    Failure   Level
 Jinxbite                 Hex            12%        N/A       16%         2
 Sigil of Binding         Hex            6%         N/A       30%         3
 Scorch                   Fire           4%         2d5       32%         2
 Inner Flame              Hex/Fire       4%         N/A       41%         3
 Cause Fear               Hex            3%         N/A       69%         4
 Hailstorm                Conj/Ice       0%         3d5       71%         3
 Summon Ice Beast         Ice/Summ       0%         N/A       71%         3
 Dimensional Bullseye     Hex/Tloc       1%         N/A       88%         4
 Flame Wave               Conj/Fire      1%         2d4       95%         4
 Summon Mana Viper        Hex/Summ       3%         N/A       99%         5
 Permafrost Eruption      Ice/Erth       0%         2x4d1     100%        6
 Sculpt Simulacrum        Ice/Alch       0%         N/A       100%        6
 Summon Cactus Giant      Summ           0%         N/A       100%        6
 Monstrous Menagerie      Summ           0%         N/A       100%        7


Dungeon Overview and Level Annotations

Branches:
Dungeon (6/15)             Temple (0/1) D:4

Altars:
Gozag
Nemelex Xobeh

Annotations:
D:3 Grinder
D:4 exclusions: bombardier beetle and ogre


Innate Abilities, Weirdness & Mutations

Your spellcasting is much less encumbered by armour.
You can use scrolls of enchantment on lesser artefacts.


Message History

Unknown command.
You swap places.
The gnoll hits you from afar with a +0 halberd.
* * * LOW HITPOINT WARNING * * *
The ufetubus barely misses your gnoll. x2
Your gnoll hits the ufetubus with a +0 flail!
The ufetubus dies!
Beogh accepts your kill. The gnoll attacks as it pursues you!
The gnoll completely misses you. Something bites your gnoll.
Your gnoll hits the gnoll with a +0 flail.
Your gnoll is no longer covered in acid.
Okay, then.
You closely miss the ufetubus. The ufetubus hits you.
* * * LOW HITPOINT WARNING * * *
The ufetubus closely misses you.
You hit the ufetubus. You burn the ufetubus.
The ufetubus is severely wounded.
The ufetubus hits you but does no damage.
The ufetubus barely misses you.
You hit the ufetubus but do no damage.
The ufetubus is severely wounded.
The ufetubus barely misses you. x2
You hit the ufetubus but do no damage.
The ufetubus is severely wounded.
The ufetubus hits you.
* * * LOW HITPOINT WARNING * * *
The ufetubus barely misses you.
You hit the ufetubus. You burn the ufetubus.
You kill the ufetubus!
Beogh accepts your kill.
Aiming: Charm
Press: ? - help, Shift-Dir - straight line, f - hound
Aim: a hound (chance to affect: 57%)
The hound is charmed.
What are your orders? t - Shout!
Orders for allies: a - Attack new target. p - Attack previous target. r - Retreat! s - Stop attacking. g - Guard the area. f - Follow me.
Anything else - Cancel.
Gang up on whom?
Press: ? - help, Dir - move target, f - gnoll, p - hound
Aim: a gnoll, wielding a +0 halberd (moderately wounded) Attack!
The gnoll hits your hound with a +0 halberd!
Your hound bites the gnoll.
The gnoll hits your hound with a +0 halberd!
Your hound dies!
Press: ? - help, v - describe, . - travel
Here: a gnoll, wielding a +0 halberd (heavily wounded)
The floor, spattered with blood.
Your extra speed is starting to run out.
You feel yourself slow down.
Found a mace.
There is an open door here.
You close the door.
You start resting.
Magic restored.
Press: ? - help, v - describe, . - travel The floor.
As you read the scroll labelled ASHORCHATU, it crumbles to dust.
The creatures around you are filled with an inner flame!
It was a scroll of immolation.
As you read the scroll labelled HADOPROCKA, it crumbles to dust.
A wave of despondency washes over your surroundings.
It was a scroll of vulnerability.
The air fills with toxic fumes!
As you read the scroll of poison, it crumbles to dust.
Okay, then.
Okay, then.
Press: ? - help, v - describe, . - travel
Here: a gnoll, wielding a +0 flail (heavily wounded, inner flame, weak-willed)
The floor.
Unknown command.
The gnoll hits you from afar with a +0 halberd.
The gnoll closely misses you. x2
Press: ? - help, v - describe, . - travel
Here: a gnoll, wielding a +0 halberd (heavily wounded, inner flame, weak-willed)
The floor.
The gnoll hits you with a +0 halberd.
Okay, then.
Okay, then.
The gnoll misses you. The gnoll attacks as it pursues you!
The gnoll hits you with a +0 flail. The gnoll attacks as it pursues you!
The gnoll hits you with a +0 flail. The gnoll attacks as it pursues you!
The gnoll hits you but does no damage. The gnoll attacks as it pursues you!
The gnoll hits you but does no damage.
Press: ? - help, v - describe, . - travel
Here: a gnoll, wielding a +0 halberd (heavily wounded, inner flame, weak-willed)
The floor.
You don't know any spells.
Unknown command.
Okay, then.
You whack the gnoll! You burn the gnoll. Beogh accepts your kill.
The gnoll explodes!
The fiery explosion engulfs you!!!
Ouch! That really hurt!
You die...

## #. ########. #######.
#........ ........ #@###
........ ####)#.####
#####... #..§g§......
..#.#. ####......##...
#.#.#. #....)....# .
#.#.#. #.........#
..###.#+#. #.........# #
#..).....
#.........##.###........
#######.#.##............


You could see a gnoll (inner flame, weak-willed).

Vanquished Creatures
  A water moccasin (D:6)
  A black bear (D:6)
  A scorpion (D:5)
  2 howler monkeys
  A bombardier beetle (D:4)
  An orc priest (D:6)
  2 hounds (D:6)
  3 iguanas
  An orc wizard (D:6)
  Robin (D:3)
  2 gnolls (D:6)
  14 adders
  An ufetubus (D:6)
  2 dart slugs
  2 ribbon worms
  10 orcs
  8 bats
  4 endoplasms
  3 giant cockroaches
  17 goblins
  7 hobgoblins
  7 kobolds
  2 quokkas
  8 ball pythons
  2 frilled lizards (D:1)
  9 rats
112 creatures vanquished.

Vanquished Creatures (collateral kills)
  A jelly (D:6)
  A gnoll (D:6)
  An ufetubus (D:6)
3 creatures vanquished.

Vanquished Creatures (others)
  A hound (D:6)
  An orc (D:6)
2 creatures vanquished.

Grand Total: 117 creatures vanquished

Notes
Turn   | Place    | Note
-------+----------+-------------------------------------------
     0 | D:1      | edsrzf the Mountain Dwarf Hexslinger began the quest for
                  | the Orb.
     0 | D:1      | Reached XP level 1. HP: 16/16 MP: 2/2
   116 | D:1      | Reached skill level 2 in Fighting
   214 | D:1      | Reached XP level 2. HP: 25/25 MP: 3/3
   422 | D:1      | Reached skill level 3 in Fighting
   632 | D:1      | Reached XP level 3. HP: 31/31 MP: 4/4
  1067 | D:2      | Reached skill level 4 in Fighting
  1278 | D:2      | Reached XP level 4. HP: 35/40 MP: 5/5
  2053 | D:3      | Reached skill level 5 in Fighting
  2221 | D:3      | Noticed Grinder
  2223 | D:3      | Paralysed by Grinder for 2 turns
  2225 | D:3      | Identified 2 scrolls of teleportation
  2351 | D:3      | Found a faded altar of an unknown god.
  2425 | D:3      | Reached XP level 5. HP: 48/48 MP: 6/6
  2814 | D:3      | Noticed Robin
  2842 | D:3      | Killed Robin
  2996 | D:4      | Noticed an ogre
  3091 | D:4      | Became a worshipper of Beogh the Shepherd
  3116 | D:4      | Reached skill level 6 in Fighting
  3127 | D:4      | Identified 3 potions of curing
  3346 | D:4      | Reached XP level 6. HP: 54/58 MP: 7/7
  3838 | D:4      | Found an opulent altar of Gozag.
  3915 | D:4      | Found a staircase to the Ecumenical Temple.
  3935 | D:5      | Entered Level 5 of the Dungeon
  3935 | D:5      | Found a sparkling altar of Nemelex Xobeh.
  3960 | D:5      | Reached skill level 7 in Fighting
  4559 | D:6      | Identified the +7 short sword "Riodgh" {speed, rElec rN+}
  4806 | D:6      | Reached skill level 8 in Fighting
  4806 | D:6      | Reached XP level 7. HP: 14/69 MP: 1/8
  5271 | D:6      | Reached * piety under Beogh
  5295 | D:6      | Reached skill level 9 in Fighting
  5559 | D:6      | Identified 3 scrolls of identify
  5559 | D:6      | Identified 3 potions of brilliance
  5562 | D:6      | Identified 2 potions of magic
  5563 | D:6      | Identified 2 potions of ambrosia
  5573 | D:6      | Reached skill level 2 in Maces & Flails
  5576 | D:6      | Reached skill level 3 in Maces & Flails
  5578 | D:6      | Identified a potion of enlightenment
  5579 | D:6      | Identified a potion of cancellation
  5580 | D:6      | Identified a potion of degeneration
  5581 | D:6      | Identified a potion of haste
  5674 | D:6      | Identified 3 scrolls of immolation
  5675 | D:6      | Identified a scroll of vulnerability
  5698 | D:6      | Killed by an exploding gnoll... ignited by their inner
                  | flame

Illustrated notes

Levels and vault maps discovered:
D:1:      ncdulo_halloftheorcs, layout_loops_ring
D:2:      layout_loops_ring, grunt_ministairs_1, chequers_serial_rivers_room_a
D:3:      layout_loops_ring, hellmonk_ecumenical_altar_leap_of_faith,
          grunt_ministairs_3, lemuel_flame_loot_1, uniq_grinder, uniq_robin
D:4:      layout_loops_ring, lemuel_doored_altar,
          minmay_temple_entry_statues_fountains, grunt_decor_junction
D:5:      layout_rooms, overflow_temple_1_default
D:6:      layout_basic

Skill      XL: |  1  2  3  4  5  6  7 |
---------------+----------------------+-----
Fighting       | 2 3 4 5 6 8 9 |  9.0
Maces & Flails | 3 |  3.5
Ranged Weapons | |  1.5
Dodging        | |  1.3
Spellcasting   | |  1.0
Hexes          | |  3.0
Fire Magic     | |  1.2

Action                     |  1- 3 |  4- 6 |  7- 9 || total
---------------------------+-------+-------+-------++-------
  Melee: Dagger            |       |   232 |   107 ||   339
         Demon whip        |       |       |    25 ||    25
   Fire: Sling             |   146 |   142 |     7 ||   295
 Invoke: Convert to Beogh  |       |     1 |       ||     1
  Evoke: Wand              |       |       |     6 ||     6
    Use: Scroll            |       |     2 |     4 ||     6
         Potion            |       |     2 |     7 ||     9
   Stab: Sleeping          |       |     2 |       ||     2
 Armour: Robe              |    51 |   200 |   164 ||   415
  Dodge: Dodged            |    52 |   175 |   135 ||   362

Table legend: (Time is in decaauts)
 A = Elapsed time spent in this place.
 B = Non-inter-level travel time spent in this place.
 C = Inter-level travel time spent in this place.
 D = Time resting spent in this place.
 E = Time spent auto-exploring this place.
 F = Levels seen in this place.
 G = Mean time per level.
                   A        B        C        D        E       F      G
               +--------+--------+--------+--------+--------+-----+--------+
         Total |   5751 |   5634 |    117 |   1000 |   3171 |   6 |  958.5 |
       Dungeon |   5751 |   5634 |    117 |   1000 |   3171 |   6 |  958.5 |
               +--------+--------+--------+--------+--------+-----+--------+

Top non-repeatable levels by time:
     D:6: 1140 daAuts
     D:3: 1077 daAuts
     D:2: 1065 daAuts
     D:4: 955 daAuts
     D:1: 911 daAuts
     D:5: 601 daAuts
